 Dungeon Crawl Stone Soup version 0.21.0-3-g78d12a8 (webtiles) character file.

520 shmeve the Chopper (level 7, -23/62 HPs)
             Began as a Minotaur Berserker on Jan 16, 2018.
             Was a Priest of Trog.
             Annihilated by an ogre
             ... wielding a +0 giant club
              (25 damage)
             ... on level 5 of the Dungeon.
             The game lasted 00:05:25 (2541 turns).

shmeve the Chopper (Minotaur Berserker)             Turns: 2541, Time: 00:05:25

Health: -23/62     AC: 10    Str: 24    XL:     7   Next: 1%
Magic:  6/6        EV:  9    Int:  4    God:    Trog [***...]
Gold:   279        SH:  0    Dex:  9    Spells: 6/6 levels left

rFire    . . .     SeeInvis .   j - +0 war axe
rCold    . . .     Gourm    .   (no shield)
rNeg     . . .     Faith    .   s - +0 chain mail
rPois    .         Spirit   .   (helmet restricted)
rElec    .         Reflect  .   (no cloak)
rCorr    .         Harm     .   n - +0 pair of gloves
MR       .....                  (no boots)
Stlth    ..........             (no amulet)
HPRegen  0.20/turn              (no ring)
MPRegen  0.10/turn              (no ring)

@: no status effects
A: retaliatory headbutt, horns 2
a: Berserk, Trog's Hand, Burn Spellbooks, Renounce Religion


You were on level 5 of the Dungeon.
You worshipped Trog.
Trog was most pleased with you.
You were not hungry.

You visited 1 branch of the dungeon, and saw 5 of its levels.

You collected 279 gold pieces.

Inventory:

Hand Weapons
 j - a +0 war axe (weapon)
Missiles
 b - 2 javelins (quivered)
Armour
 n - a +0 pair of gloves (worn)
 s - a +0 chain mail (worn)
Jewellery
 u - a +3 ring of evasion {unknown}
Scrolls
 a - 2 scrolls of fog {unknown}
 d - 2 scrolls of teleportation {unknown}
 f - a scroll of magic mapping {unknown}
 k - 2 scrolls of immolation {unknown}
 p - 3 scrolls of identify {unknown}
 q - a scroll of fear {unknown}
 t - a scroll of blinking
Potions
 e - 3 potions of haste {unknown}
 g - 2 potions of curing {unknown}
 h - a potion of ambrosia {unknown}
 i - 2 potions of heal wounds {unknown}
 l - 2 potions of cancellation {unknown}
 m - a potion of might {unknown}
 o - 2 potions of lignification {unknown}
Comestibles
 c - 8 rations


   Skills:
 * Level 5.9 Fighting
 * Level 6.0 Axes
 + Level 2.3 Throwing
 + Level 4.2 Armour
 + Level 3.6 Dodging


You had 6 spell levels left.
You didn't know any spells.

Dungeon Overview and Level Annotations

Branches:
Dungeon (5/15)
 Temple: D:4-7

Altars:
Kikubaaqudgha
Uskayaw


Innate Abilities, Weirdness & Mutations

You reflexively headbutt those who attack you in melee.
You have a pair of horns on your head.


Message History

The ogre misses you. The quokka closely misses you.
The ogre hits you with a giant club!
Your chain mail prevents you from hitting the ogre.
You hit the quokka. The quokka bites you. The ogre hits you with a giant club!
The quokka bites you.
You barely miss the ogre. You hit the quokka.
You kill the quokka!
Trog accepts your kill. The ogre hits you with a giant club!
Your chain mail prevents you from hitting the ogre.
The ogre hits you with a giant club!
* * * LOW HITPOINT WARNING * * *
You barely miss the ogre. Your headbutt misses the ogre.
The ogre hits you with a giant club.
* * * LOW HITPOINT WARNING * * *
You barely miss the ogre. The ogre hits you with a giant club!
* * * LOW HITPOINT WARNING * * *
Your chain mail prevents you from hitting the ogre.
The ogre hits you with a giant club!!
You die...

#............# #.#
#............#########
#####'##.....##......#
#.##.....##......#
#.####....'......+
#.#########......####
#..?...# #.....≈≈≈≈≈
#####.## #.O†..≈###
#[# #.@...≈# #.#
#.....≈# #<#
#####.≈≈.≈ #.# ....#
#.# ##### #.# #.# ###


You could see an ogre.

Vanquished Creatures
  Edmund (D:5)
  An ogre (D:5)
  A howler monkey (D:4)
  An iguana (D:5)
  An orc wizard (D:4)
  2 worker ants
  A hound skeleton (D:4)
  5 adders
  A howler monkey skeleton (D:5)
  A shadow imp (D:5)
  4 oozes
  2 adder skeletons
  2 worms (D:3)
  2 dart slugs
  A leopard gecko (D:1)
  10 orcs
  2 bat zombies (D:4)
  3 giant cockroaches
  2 goblins
  4 hobgoblins
  5 jackals (D:4)
  5 quokkas
  5 bats
  6 frilled lizards
  8 kobolds
  A quokka skeleton (D:4)
  A rat (D:1)
  A rat zombie (D:4)
79 creatures vanquished.

Notes
Turn   | Place    | Note
-------+----------+-------------------------------------------
     0 | D:1      | shmeve the Minotaur Berserker began the quest for the Orb.
     0 | D:1      | Reached XP level 1. HP: 19/19 MP: 0/0
   221 | D:1      | Reached XP level 2. HP: 26/27 MP: 1/1
   717 | D:2      | Reached skill level 4 in Axes
   767 | D:2      | Reached XP level 3. HP: 24/33 MP: 2/2
   875 | D:2      | Found a faded altar of an unknown god.
  1087 | D:3      | Reached ** piety under Trog
  1250 | D:3      | Reached skill level 1 in Throwing
  1250 | D:3      | Reached XP level 4. HP: 33/41 MP: 3/3
  1728 | D:4      | Noticed a dagger
  1728 | D:4      | Noticed a hand axe
  1731 | D:4      | Found a hide-covered altar of Uskayaw.
  1798 | D:4      | Reached XP level 5. HP: 34/47 MP: 4/4
  1808 | D:4      | Reached skill level 5 in Axes
  1828 | D:4      | Reached *** piety under Trog
  1858 | D:4      | Reached skill level 5 in Fighting
  1958 | D:4      | Found an ancient bone altar of Kikubaaqudgha.
  2137 | D:5      | Entered Level 5 of the Dungeon
  2165 | D:5      | Noticed Edmund
  2174 | D:5      | Killed Edmund
  2174 | D:5      | Reached XP level 6. HP: 37/56 MP: 5/5
  2190 | D:5      | HP: 2/57 [poisoned by a worker ant]
  2195 | D:5      | HP: 2/57 [poisoned by a worker ant]
  2498 | D:5      | Reached skill level 6 in Axes
  2501 | D:5      | Reached XP level 7. HP: 52/62 MP: 6/6
  2540 | D:5      | HP: 2/62 [ogre/giant club (10)]
  2541 | D:5      | Annihilated by an ogre

Skill      XL: |  1  2  3  4  5  6 |
---------------+-------------------+-----
Fighting       | 4 5 |  5.9
Axes           | 4 5 6 |  6.0
Armour         | 3 4 |  4.2
Throwing       | 1 2 |  2.3
Dodging        | 3 |  3.6

Action                   |  1- 3 |  4- 6 |  7- 9 || total
-------------------------+-------+-------+-------++-------
Melee: Hand axe          |    76 |       |       ||    76
       Headbutt          |    11 |    15 |     1 ||    27
       War axe           |     9 |    65 |     7 ||    81
Invok: Berserk           |       |     1 |       ||     1
  Use: Scroll            |     3 |       |       ||     3
  Eat: Chunk             |     1 |     5 |       ||     6
Armor: Animal skin       |    10 |       |       ||    10
       Chain mail        |    18 |    38 |     1 ||    57
Dodge: Dodged            |    52 |    50 |     3 ||   105
